Map: Submarine LE

Players

Thor - Winner!

  • Race: Zerg Zerg
  • League: Master
  • Spawn Location: 5:00

MrCesander

  • Race: Protoss Protoss
  • League: Master
  • Spawn Location: 11:00

VOD

Have the link to the VOD?

Description

Time

  • Played on: May 29, 2020, 4:45 p.m.
  • Length: 12:19
Show
View Real Time Build Order
Export as new Build Order

Thor Zerg - Winner!

Build Orders: Hatch First 

Get SALT Encoding   

  12  0:00  Drone  
  13  0:12  Overlord  
  13  0:18  Drone  
  14  0:30  Drone x2  
  16  0:49  Hatchery  
  15  0:51  Drone  
  15  0:54  Drone  
  17  0:58  Drone  
  18  1:08  Extractor  
  17  1:16  Spawning Pool  
  17  1:17  Drone  
  17  1:20  Drone  
  18  1:29  Drone  
  19  1:43  Drone  
  20  1:51  Drone  
  21  2:00  Overlord  
  21  2:03  Queen x2  
  21  2:04  Zergling x2  
  26  2:12  Drone  
  26  2:14  Metabolic Boost  
  27  2:16  Drone  
  28  2:23  Drone x2  
  30  2:37  Hatchery  
  30  2:38  Drone  
  30  2:44  Drone  
  31  2:45  Overlord  
  31  2:49  Zergling x2  
  32  2:57  Drone x2  
  32  2:58  Queen  
  34  3:05  Drone  
  37  3:06  Drone  
  38  3:13  Overlord  
  38  3:15  Drone x2  
  39  3:20  Spore Crawler  
  39  3:22  Drone, Spore Crawler  
  39  3:23  Drone  
  39  3:26  Drone  
  39  3:28  Spore Crawler  
  39  3:31  Drone  
  41  3:37  Drone  
  42  3:42  Drone  
  42  3:43  Queen  
  42  3:45  Lair  
  42  3:48  Overlord x2  
  45  3:52  Drone  
  45  3:53  Drone  
  45  3:54  Drone  
  48  3:56  Drone  
  48  3:57  Drone  
  48  4:01  Overlord  
  50  4:07  Drone  
  50  4:08  Drone x3  
  54  4:11  Spore Crawler  
  54  4:14  Spore Crawler  
  52  4:17  Drone x3  
  52  4:21  Drone x3  
  52  4:24  Drone  
  59  4:27  Drone  
  59  4:31  Drone x4  
  61  4:32  Drone  
  61  4:33  Drone  
  61  4:36  Drone, Extractor  
  61  4:38  Drone  
  66  4:42  Zergling x2  
  66  4:47  Hydralisk Den  
  66  4:51  Overlord  
  65  4:53  Extractor  
  65  4:54  Extractor  
  65  4:55  Zergling x2, Baneling Nest  
  65  4:56  Evolution Chamber  
  65  4:59  Drone  
  63  5:00  Drone  
  63  5:01  Drone  
  63  5:02  Drone x6  
  70  5:07  Overlord x2  
  70  5:21  Zerg Melee Weapons Level 1  
  70  5:27  Hydralisk  
  70  5:28  Evolution Chamber  
  71  5:32  Drone, Extractor  
  71  5:33  Drone x3  
  71  5:35  Drone x2  
  76  5:36  Drone  
  76  5:39  Hydralisk  
  76  5:40  Hatchery, Hydralisk x2  
  81  5:47  Hydralisk  
  83  5:53  Zerg Missile Weapons Level 1  
  83  5:54  Drone x2  
  84  6:05  Overlord x2  
  84  6:06  Overlord  
  84  6:09  Grooved Spines  
  84  6:19  Hydralisk x2  
  84  6:22  Overlord x2  
  88  6:26  Zergling x10, Hydralisk x4  
  88  6:29  Overlord  
  101  6:33  Drone  
  101  6:34  Drone x3  
  101  6:38  Hydralisk x3  
  110  6:45  Hydralisk  
  108  6:49  Hydralisk  
  108  6:51  Hydralisk  
  109  6:56  Hydralisk  
  109  7:00  Drone x5  
  110  7:03  Queen, Extractor  
  110  7:04  Drone x2  
  110  7:06  Queen  
  115  7:09  Drone  
  115  7:10  Drone x6  
  115  7:14  Drone  
  115  7:15  Drone x4  
  127  7:21  Drone x2  
  128  7:23  Zerg Melee Weapons Level 2  
  128  7:29  Extractor  
  127  7:35  Overlord  
  127  7:38  Drone x8  
  134  7:44  Hatchery  
  133  7:51  Hatchery, Zerg Missile Weapons Level 2  
  132  8:10  Spine Crawler  
  132  8:11  Muscular Augments  
  132  8:12  Zergling x32  
  147  8:13  Pneumatized Carapace  
  147  8:14  Overseer, Overlord  
  147  8:22  Hydralisk  
  147  8:24  Hydralisk  
  147  8:26  Zergling x4  
  151  8:28  Extractor  
  151  8:30  Spine Crawler  
  151  8:32  Zergling x8, Queen  
  151  8:33  Overlord  
  155  8:36  Zergling x8  
  155  8:39  Hydralisk  
  157  8:42  Overlord  
  157  8:44  Hydralisk  
  157  8:46  Hydralisk  
  147  8:49  Zergling x10  
  147  8:50  Hydralisk  
  143  8:58  Hydralisk  
  143  9:07  Hatchery  
  141  9:11  Extractor  
  141  9:12  Infestation Pit  
  141  9:14  Spore Crawler  
  138  9:17  Queen  
  138  9:23  Drone x6  
  146  9:27  Hydralisk  
  146  9:28  Hydralisk x10  
  168  9:32  Overseer  
  168  9:40  Zergling x6  
  168  9:42  Zergling x2  
  168  9:43  Zergling x18  
  168  9:45  Overlord  
  181  9:48  Zerg Ground Armor Level 1  
  181  9:50  Hive  
  181  9:54  Spire, Hydralisk  
  182  10:03  Queen, Spore Crawler, Extractor  
  182  10:04  Overlord, Extractor  
  182  10:05  Baneling  
  182  10:06  Spine Crawler, Baneling x7  
  180  10:07  Baneling  
  180  10:08  Baneling x6  
  180  10:11  Baneling  
  180  10:12  Baneling x2  
  180  10:23  Baneling  
  174  10:30  Zergling x14  
  174  10:31  Zergling x18  
  174  10:32  Centrifical Hooks  
  186  10:41  Zergling x2  
  185  10:43  Zergling x4  
  185  10:44  Overlord x2  
  187  10:54  Zergling x2  
  187  10:55  Overlord  
  187  11:00  Queen  
  167  11:06  Zergling x30  
  167  11:08  Zergling x20  
  184  11:13  Hydralisk  
  186  11:22  Spine Crawler, Zergling x2  
  186  11:28  Zergling x2, Hydralisk  
  175  11:33  Zergling x12  
  175  11:34  Zergling x16  
  175  11:39  Hydralisk  
  177  11:41  Hydralisk  
  177  11:44  Hydralisk x4  
  182  11:50  Hydralisk  
  165  11:54  Zergling x14  
  165  11:55  Zergling x10  
  165  11:59  Drone  
  165  12:00  Drone  
  174  12:03  Drone  
  174  12:04  Drone x3  
Show
View Real Time Build Order
Export as new Build Order

MrCesander Protoss 

Build Orders: 1 Gate Expand, Oracle Opening, Phoenix Opening, Archon Immortal, Archon Drop 

Get SALT Encoding   

  12  0:00  Probe  
  13  0:13  Probe  
  14  0:19  Pylon  
  14  0:25  Probe  
  15  0:34  Probe  
  15  0:38  Gateway  
  15  0:42  Probe  
  16  0:45  Assimilator  
  17  0:51  Probe  
  18  1:00  Probe  
  19  1:08  Probe  
  20  1:27  Nexus  
  20  1:37  Cybernetics Core  
  20  1:39  Probe  
  21  1:50  Assimilator  
  21  1:53  Pylon  
  21  1:55  Probe  
  22  2:06  Probe  
  23  2:13  Stargate  
  23  2:14  Probe  
  23  2:19  Adept  
  23  2:22  Probe  
  26  2:28  Warp Gate  
  27  2:34  Probe  
  28  2:37  Pylon, Probe  
  29  2:46  Probe  
  29  2:49  Adept  
  29  2:50  Probe  
  32  2:58  Phoenix  
  35  3:01  Probe  
  35  3:03  Probe  
  37  3:13  Probe  
  37  3:15  Probe  
  39  3:25  Oracle, Probe  
  43  3:31  Probe  
  44  3:37  Probe  
  44  3:41  Probe  
  43  3:43  Sentry  
  43  3:45  Assimilator, Gateway, Probe  
  46  3:49  Probe  
  46  3:50  Assimilator  
  46  3:53  Probe  
  48  3:57  Twilight Council  
  48  3:58  Probe  
  48  4:00  Pylon  
  50  4:07  Probe  
  51  4:10  Probe  
  52  4:17  Forge  
  52  4:19  Probe  
  52  4:20  Robotics Facility  
  52  4:22  Probe  
  54  4:27  Adept  
  56  4:31  Probe  
  56  4:32  Gateway  
  56  4:34  Gateway, Probe  
  58  4:41  Charge  
  58  4:43  Probe  
  59  4:46  Probe  
  60  4:55  Protoss Ground Weapons Level 1  
  60  5:03  Nexus  
  60  5:06  Pylon  
  61  5:07  Warp Prism  
  61  5:10  Templar Archives  
  61  5:16  Pylon  
  61  5:18  Pylon  
  62  5:30  Shield Battery  
  62  5:35  Gateway  
  62  5:37  Probe x2  
  62  5:38  Gateway  
  64  5:48  High Templar x3  
  70  5:50  High Templar  
  70  5:51  Probe  
  70  5:54  Pylon  
  70  5:56  Probe  
  74  5:57  Archon x2  
  74  6:02  Immortal  
  74  6:03  Probe  
  79  6:05  Assimilator  
  79  6:08  Probe  
  79  6:10  Assimilator  
  80  6:14  Shield Battery  
  80  6:16  Probe  
  80  6:18  Robotics Facility, Probe  
  81  6:21  Probe  
  81  6:23  Pylon  
  83  6:28  Pylon, Probe  
  83  6:30  Probe  
  85  6:34  Zealot x3  
  91  6:42  Probe  
  91  6:43  Zealot x3  
  95  6:49  Protoss Ground Weapons Level 2  
  89  6:55  Immortal  
  89  7:01  Zealot, Immortal  
  83  7:02  Zealot x2  
  93  7:09  Sentry  
  93  7:10  Sentry  
  93  7:12  Probe  
  93  7:13  Probe  
  99  7:23  Sentry  
  99  7:24  Sentry x2  
  99  7:25  Zealot  
  107  7:31  Gateway  
  107  7:33  Gateway  
  107  7:35  Observer  
  108  7:40  Probe  
  108  7:42  High Templar  
  108  7:43  High Templar  
  113  7:46  Archon  
  113  7:50  Zealot x4  
  121  7:54  Pylon  
  121  7:55  Pylon, Observer  
  121  7:56  Pylon  
  122  8:09  Psionic Storm, Pylon  
  122  8:11  Zealot  
  124  8:13  Zealot x3  
  130  8:26  Warp Prism  
  128  8:28  Zealot x3  
  128  8:29  Zealot  
  113  8:59  High Templar x4  
  113  9:00  Zealot x4  
  113  9:01  Immortal  
  120  9:05  Archon x2  
  120  9:09  Protoss Ground Weapons Level 3  
  118  9:10  Immortal  
  122  9:18  Zealot x3  
  128  9:27  Stalker x2  
  128  9:29  Blink  
  132  9:33  Pylon  
  132  9:36  Photon Cannon  
  132  9:37  Stalker  
  134  9:41  Immortal  
  134  9:43  High Templar  
  134  9:44  High Templar  
  134  9:45  Zealot x3  
  148  9:48  Archon  
  144  9:55  Zealot x2  
  145  10:08  Zealot x4  
  153  10:24  Zealot x4  
  151  10:31  Pylon  
  151  10:35  Nexus  
  147  10:37  Pylon  
  147  10:39  High Templar x4  
  155  10:43  Archon x2  
  155  10:53  Zealot x4  
  133  11:12  High Templar x4  
  133  11:18  Archon x2, Photon Cannon  
  139  11:21  Zealot  
  139  11:22  Zealot x3  
  135  11:43  Zealot x2  
  135  11:44  Zealot x3  
  143  11:48  Probe x3  
  125  12:00  High Templar x2  
  125  12:01  High Templar  
  103  12:04  Zealot x3  
  103  12:05  Archon  
  101  12:09  Zealot x2  
Tags
 
Add a new tag
Caveats
  • Supply blocks, unpowered buildings, or Contaminate may cause inaccurate times.
  • Supply counts are checked every 10 seconds.